 Dungeon Crawl Stone Soup version 0.30-a0-241-g1121274140 (webtiles) character file.

Game seed: 3474301819542809971

86 KennySheep the Conjurer (level 4, -4/35 HPs)
             Began as a Demigod Conjurer on Oct 10, 2022.
             Slain by Terence
             ... wielding a +0 flail
              (10 damage)
             ... on level 2 of the Dungeon.
             The game lasted 00:04:52 (1763 turns).

KennySheep the Conjurer (Demigod Conjurer)          Turns: 1763, Time: 00:04:52

Health: -4/35      AC:  2    Str:  8    XL:     4   Next: 5%
Magic:  7/10       EV: 12    Int: 24    God:
Gold:   97         SH:  0    Dex: 12    Spells: 4/7 levels left

rFire   + . .      SeeInvis .    k - +7 club
rCold   . . .      Faith    .    (no shield)
rNeg    . . .      Spirit   .    a - +0 robe
rPois   .          Reflect  .    (no helmet)
rElec   .          Harm     .    (no cloak)
rCorr   .          Rampage  .    (no gloves)
Will    .....                    (no boots)
Stlth   ++........               (no amulet)
HPRegen 0.25/turn                c - ring of protection from fire
MPRegen 0.12/turn                (no ring)

@: brilliant
A: high MP 1, forlorn, divine attributes
a: no special abilities


You were on level 2 of the Dungeon.
You visited 1 branch of the dungeon, and saw 2 of its levels.

You collected 97 gold pieces.

Inventory:

Hand Weapons
 k - a +7 club (weapon)
Missiles
 f - a throwing net
Armour
 a - a +0 robe (worn)
Jewellery
 c - a ring of protection from fire (left hand)
Potions
 d - a potion of attraction {unknown}
 e - a potion of cancellation {unknown}
 g - a potion of heal wounds {unknown}


   Skills:
 + Level 1.5 Fighting
 + Level 2.5 Dodging
 - Level 1.7 Stealth
 + Level 2.4 Spellcasting
 + Level 4.1 Conjurations
 + Level 0.1 Hexes


You had 4 spell levels left.
You knew the following spells:

 Your Spells              Type           Power      Damage    Failure   Level
a - Magic Dart            Conj           100%       1d8       2%          1
b - Searing Ray           Conj           66%        2d6       3%          2

Your spell library contained the following spells:

 Spells                   Type           Power      Damage    Failure   Level
 Slow                     Hex            20%        N/A       11%         1
 Dazzling Flash           Conj/Hex       38%        N/A       14%         3
 Confusing Touch          Hex            5%         N/A       32%         3
 Vampiric Draining        Necr           4%         2d6       34%         3
 Fulminant Prism          Conj/Hex       9%         3d7       43%         4
 Iskenderun's Mystic Bla  Conj/Tloc      19%        2d6       45%         4


Dungeon Overview and Level Annotations

Branches:
Dungeon (2/15)

Annotations:
D:2 Terence


Innate Abilities, Weirdness & Mutations

You have an increased reservoir of magic. (+10% MP)
You shall have no god before yourself.
Your divine heritage dramatically boosts your attributes as you level up.


Message History

Confirm with . or Enter, or press ? or * to list all spells.
Okay, then.
Okay, then.
Casting: Magic Dart (safe; 2% risk of failure)
Confirm with . or Enter, or press ? or * to list all spells.
Aiming: Searing Ray (safe; 3% risk of failure)
Press: ? - help, Shift-Dir - straight line, p - Terence The searing ray misses Terence. (Press . to maintain the ray.) Terence says, "Don't bother to defend, it's senseless."
The searing ray misses Terence.
Terence hits you with a +0 flail!
* * * LOW HITPOINT WARNING * * *
The searing ray hits Terence.
Terence is severely wounded.
Terence hits you with a +0 flail.
* * * LOW HITPOINT WARNING * * *
The searing ray hits Terence.
Terence is severely wounded.
You finish channelling your searing ray.
Terence barely misses you.
It was a potion of brilliance.
You feel clever all of a sudden. Terence misses you.
Magic courses through your body.
Terence zaps a wand.
The bolt of dispelling energy misses you.
Casting: Searing Ray (safe; 3% risk of failure)
Confirm with . or Enter, or press ? or * to list all spells.
Aiming: Searing Ray (safe; 3% risk of failure)
Press: ? - help, Shift-Dir - straight line You feel a surge of power!
The searing ray hits Terence.
Terence is almost dead. (Press . to maintain the ray.) Terence drinks a potion.
Terence is healed!
The searing ray hits Terence.
Terence is almost dead.
Terence shouts, "ATTACK!!!"
Terence hits you with a +0 flail.
* * * LOW HITPOINT WARNING * * *
The searing ray misses Terence.
Terence hits you with a +0 flail!
You die...

##...#####...#
#..#...###.#.#
##..).....###.#
#.............#
#........#.####
.....#.....#
.#........########
.....†....#....@.#
#.....†..## #@#
###...#..# #.#
..###...## #.#
#...###.# #.#
......#'# #.#
........# #.#
.....#.## #.#
.#.....# #.#
......## #.#


You could see Terence.

Vanquished Creatures
  Jessica (D:2)
  An adder (D:2)
  2 dart slugs (D:1)
  5 endoplasms
  A giant cockroach (D:1)
  7 goblins (D:1)
  5 hobgoblins
  A kobold (D:1)
  3 quokkas
  4 ball pythons
  4 bats (D:1)
  3 frilled lizards (D:1)
  5 rats
42 creatures vanquished.

Vanquished Creatures (others)
  2 plants (D:1)
2 creatures vanquished.

Grand Total: 44 creatures vanquished

Notes
Turn   | Place    | Note
-------+----------+-------------------------------------------
     0 | D:1      | KennySheep the Demigod Conjurer began the quest for the
                  | Orb.
     0 | D:1      | Reached XP level 1. HP: 14/14 MP: 5/5
   446 | D:1      | Reached XP level 2. HP: 22/22 MP: 4/7
   449 | D:1      | Learned a level 2 spell: Searing Ray
   871 | D:1      | Reached skill level 1 in Fighting
  1043 | D:1      | Reached XP level 3. HP: 24/28 MP: 2/8
  1353 | D:2      | Noticed Jessica
  1358 | D:2      | Killed Jessica
  1359 | D:2      | Reached skill level 4 in Conjurations
  1658 | D:2      | Reached XP level 4. HP: 35/35 MP: 7/10
  1750 | D:2      | Noticed Terence
  1763 | D:2      | Slain by Terence

Illustrated notes

Levels and vault maps discovered:
D:1:      tarquinn_simple_flora_water_e, layout_basic
D:2:      minmay_skewed_foursquare, layout_loops_ring, uniq_jessica,
          uniq_terence, uniq_sigmund

Skill      XL: |  1  2  3 |
---------------+----------+-----
Dodging        | 2 |  2.5
Spellcasting   | 2 |  2.4
Fighting       | 1 |  1.5
Conjurations   | 4 |  4.1
Stealth        | |  1.7
Hexes          | |  0.1

Action                   |  1- 3 |  4- 6 || total
-------------------------+-------+-------++-------
Melee: Unarmed           |     3 |       ||     3
       Club              |     1 |       ||     1
 Cast: Magic Dart        |    95 |     6 ||   101
       Searing Ray       |       |     2 ||     2
  Use: Scroll            |     1 |       ||     1
       Potion            |       |     2 ||     2
Armor: Robe              |     1 |       ||     1
Dodge: Dodged            |     6 |     3 ||     9

Table legend: (Time is in decaauts)
 A = Elapsed time spent in this place.
 B = Non-inter-level travel time spent in this place.
 C = Inter-level travel time spent in this place.
 D = Time resting spent in this place.
 E = Time spent auto-exploring this place.
 F = Levels seen in this place.
 G = Mean time per level.
                   A        B        C        D        E       F      G
               +--------+--------+--------+--------+--------+-----+--------+
         Total |   1759 |   1713 |     46 |    107 |   1380 |   2 |  879.5 |
       Dungeon |   1759 |   1713 |     46 |    107 |   1380 |   2 |  879.5 |
               +--------+--------+--------+--------+--------+-----+--------+

Top non-repeatable levels by time:
     D:1: 1345 daAuts
     D:2: 414 daAuts
